 Dungeon Crawl Stone Soup version 0.19-a0-1442-g3b32ff5 (webtiles) character file.

3409 Amnesiac the Insei (level 10, -8/59 HPs)
             Began as an Octopode Transmuter on Sept 6, 2016.
             Mangled by Joseph
             ... wielding a +0 quarterstaff of draining
              (18 damage)
             ... on level 7 of the Dungeon.
             The game lasted 00:11:46 (7133 turns).

Amnesiac the Insei (Octopode Transmuter)            Turns: 7133, Time: 00:11:47

Health: -8/59      AC:  2    Str:  9 (10) XL:     10   Next: 4%
Magic:  16/17      EV: 23    Int: 20 (21) God:
Gold:   259        SH:  0    Dex: 17 (20) Spells: 6 memorised, 3 levels left

rFire  . . .     SeeInvis .       - Unarmed
rCold  . . .     Gourm    .     (shield currently unavailable)
rNeg   + . .     Faith    .     (helmet currently unavailable)
rPois  x         Spirit   .     (no amulet)
rElec  .         Dismiss  .     (no ring)
rCorr  .         Reflect  .     r - ring of positive energy
MR     .....     Harm     .     (no ring)
Stlth  ++........               (no ring)
                                (no ring)
                                (no ring)
                                (no ring)
                                (no ring)

@: brilliant, spider-form (expiring), drained
A: almost no armour, stealthy swim, (amphibious), 8 rings, (constrict 8), (large
bone plates 0), (camouflage 0), frail 1, mutation resistance 1, (gelatinous body
0)
a: End Transformation


You were on level 7 of the Dungeon.
You were very hungry.
You were a venomous arachnid creature.
You visited 2 branches of the dungeon, and saw 8 of its levels.

You collected 259 gold pieces.

Inventory:

Missiles
 a - 41 arrows
Jewellery
 h - an uncursed ring of fire
 r - a ring of positive energy (right front leg)
 w - a cursed amulet of inaccuracy {unknown}
Wands
 p - a wand of slowing (30/48)
 q - a wand of confusion (19/48)
 s - a wand of iceblast (4/15)
Scrolls
 f - 5 scrolls of identify {unknown}
 g - 2 scrolls of magic mapping {unknown}
 l - a scroll of enchant weapon {unknown}
 m - 2 scrolls of recharging {unknown}
 o - 2 scrolls of immolation {unknown}
 t - 2 scrolls of remove curse
 A - a scroll of teleportation {unknown}
 G - a scroll of random uselessness {unknown}
Potions
 k - 2 potions of flight
 x - a potion of degeneration
 C - a potion of might
 E - a potion of ambrosia {unknown}
 H - a potion of lignification {unknown}
Books
 b - a book of Changes

   Spells                             Type                      Level
   a - Beastly Appendage              Transmutation                1
   b - Sticks to Snakes               Transmutation                2
   c - Spider Form                    Transmutation/Poison         3
   d - Ice Form                       Ice/Transmutation            4
   e - Blade Hands                    Transmutation                5
 y - a book of Alchemy

   Spells                             Type                      Level
   a - Sublimation of Blood           Necromancy                   2
   b - Ignite Poison                  Fire/Transmutation/Poison    3
   c - Petrify                        Transmutation/Earth          4
   d - Alistair's Intoxication        Transmutation/Poison         5
   e - Irradiate                      Conjuration/Transmutation    5
 B - a Fen Folio

   Spells                             Type                      Level
   a - Corpse Rot                     Necromancy                   2
   b - Stone Arrow                    Conjuration/Earth            3
   c - Leda's Liquefaction            Hexes/Earth                  4
   d - Summon Forest                  Summoning/Translocation      5
   e - Hydra Form                     Transmutation                6
   f - Summon Hydra                   Summoning                    7
 F - a book of Battle

   Spells                             Type                      Level
   a - Infusion                       Charms                       1
   b - Shroud of Golubria             Charms/Translocation         2
   c - Song of Slaying                Charms                       2
   d - Spectral Weapon                Hexes/Charms                 3
   e - Regeneration                   Charms/Necromancy            3
Comestibles
 c - 5 bread rations
 i - a beef jerky
 n - a royal jelly
 v - a meat ration
 D - a slice of pizza


   Skills:
 + Level 5.5(4.7) Fighting
 + Level 5.4(4.7) Dodging
 * Level 7.8(7.1) Unarmed Combat
 + Level 5.1(4.4) Spellcasting
 * Level 7.8(7.1) Transmutations


You had 3 spell levels left.
You knew the following spells:

 Your Spells              Type           Power        Failure   Level  Hunger
a - Ice Form              Ice/Tmut       ####....     7%          4    ####...
b - Beastly Appendage     Tmut           #####.       1%          1    None
c - Blade Hands           Tmut           #####.....   5%          5    ######.
d - Sticks to Snakes      Tmut           #####...     1%          2    #......
e - Spider Form           Tmut/Pois      ####......   3%          3    ###....
f - Infusion              Chrm           ###.         4%          1    None


Dungeon Overview and Level Annotations

Branches:
Dungeon (7/15)             Temple (1/1) D:5

Altars:
Ashenzari
Cheibriados
Dithmenos
Elyvilon
Hepliaklqana
Kikubaaqudgha
Makhleb
Nemelex Xobeh
Okawaru
Qazlal
Ru
Sif Muna
Trog
Uskayaw
Vehumet
Xom
Zin
The Shining One

Annotations:
D:7 Joseph


Innate Abilities, Weirdness & Mutations

You cannot wear most types of armour.
You are very stealthy in the water.
((You are amphibious.))
You can wear up to eight rings at the same time.
((You can use your tentacles to constrict eight enemies at once.))
((Your skin changes colour to match your surroundings (Stealth+).))
((Your rubbery body absorbs attacks. (AC +1, EV +1)))
((You are partially covered in large bone plates. (AC +2, SH +2)))
You are frail. (-10% HP)
You are somewhat resistant to further mutation.


Message History

There was something very wrong with that liquid.
You feel weakened.
You feel dopey.
You feel clumsy. Joseph completely misses you.
It was a potion of berserk rage.
You're too hungry to go berserk.
Joseph closely misses you.
Your transformation is almost over.
Joseph unwields an uncursed quarterstaff of draining.
Joseph wields an uncursed hunting sling.
Joseph shoots a sling bullet.
The sling bullet barely misses you.
Joseph says, "I'm here to kill trespassers.
I like my job."
It was a potion of mutation.
You feel extremely strange.
Large bone plates grow over parts of your tentacles.
You feel frail.
You feel genetically stable.
It was a potion of brilliance.
You feel clever all of a sudden.
Joseph unwields an uncursed hunting sling.
Joseph wields an uncursed quarterstaff of draining.
You sense an unholy aura.
Joseph hits you with an uncursed quarterstaff of draining!!
You die...

#)..####)...#####.#....
##.####.)##o....<.....#
####...>([..##.....###...#
##.......[<.(.....### #....
#.....#......####..##.o.##.
#.....##...@.#.# ##.... #.
#...[###.###...# ...### #@
#....####.####@.###.#.. #####z
#............s.......##.#>....
#............>$........#.#.....
...#.................?..%#..<..
#..#.###.................#.....
# ##.......).......#...###
#.......).......###.
.................# ##
.##...............#
##........<.....#


You could see Joseph.

Vanquished Creatures
  Prince Ribbit (D:7)
  Grinder (D:4)
  A wraith (D:7)
  A water moccasin (D:4)
  Duvessa (D:6)
  A black bear (D:7)
  3 orc warriors
  An ice beast (D:3)
  A phantom (D:7)
  6 ogres
  A necrophage (D:7)
  Dowan (D:6)
  3 scorpions
  3 wights (D:7)
  A howler monkey (D:5)
  4 crimson imps
  2 orc priests
  A hound (D:4)
  A jelly (D:6)
  A gnoll shaman (D:5)
  9 orc wizards
  Natasha (thrice) (D:4)
  2 iguanas (D:4)
  3 worker ants
  2 hound zombies
  16 gnolls
  9 adders
  3 shadow imps
  An adder skeleton (D:5)
  2 dart slugs (D:3)
  A worm (D:4)
  3 giant geckos
  26 orcs
  4 giant cockroaches
  6 hobgoblins
  14 jackals
  6 quokkas (D:4)
  4 ball pythons
  A ball python skeleton (D:5)
  3 bats
  3 giant newts
  3 goblins
  2 kobolds
  A quokka skeleton (D:4)
  4 rats (D:3)
166 creatures vanquished.

Vanquished Creatures (others)
  9 fungi (D:7)
  A plant (D:4)
10 creatures vanquished.

Grand Total: 176 creatures vanquished

Notes
Turn   | Place    | Note
-------+----------+-------------------------------------------
     0 | D:1      | Amnesiac the Octopode Transmuter began the quest for the Orb.
     0 | D:1      | Reached XP level 1. HP: 13/13 MP: 3/3
    27 | D:2      | Found a sacrificial altar of Ru.
   536 | D:2      | Reached XP level 2. HP: 15/18 MP: 3/5
   592 | D:3      | Noticed an ice beast
   606 | D:3      | Reached XP level 3. HP: 24/24 MP: 4/6
   614 | D:3      | Learned a level 3 spell: Spider Form
   871 | D:3      | Reached XP level 4. HP: 26/30 MP: 5/7
  1145 | D:3      | Found a deep blue altar of Sif Muna.
  1351 | D:3      | Found a shimmering altar of Xom.
  1496 | D:3      | Killed an ice beast
  1496 | D:3      | Reached XP level 5. HP: 24/35 MP: 4/8
  1779 | D:3      | Learned a level 2 spell: Sticks to Snakes
  1792 | D:3      | Reached XP level 6. HP: 33/41 MP: 5/9
  1793 | D:3      | Identified Sif Muna's Incunabulum of Venom
  2068 | D:4      | Noticed Grinder
  2092 | D:4      | Killed Grinder
  2092 | D:4      | Reached XP level 7. HP: 21/46 MP: 9/11
  2286 | D:4      | Reached skill level 5 in Unarmed Combat
  2350 | D:4      | Noticed Natasha
  2377 | D:4      | Killed Natasha
  2574 | D:4      | Found a sacrificial altar of Ru.
  2785 | D:4      | Reached skill level 5 in Transmutations
  3041 | D:4      | Noticed Natasha
  3047 | D:4      | Killed Natasha
  3215 | D:5      | Entered Level 5 of the Dungeon
  3241 | D:5      | Reached XP level 8. HP: 52/54 MP: 13/13
  3655 | D:5      | Learned a level 4 spell: Ice Form
  3777 | D:5      | Learned a level 5 spell: Blade Hands
  3788 | D:5      | Noticed a troll
  4114 | D:4      | Noticed Natasha
  4123 | D:4      | Killed Natasha
  4683 | D:5      | Found a staircase to the Ecumenical Temple.
  4704 | Temple   | Entered the Ecumenical Temple
  5151 | D:6      | Reached XP level 9. HP: 59/59 MP: 11/15
  5349 | D:6      | Found a sparkling altar of Nemelex Xobeh.
  5669 | D:6      | Found a hazy altar of Hepliaklqana.
  5779 | D:7      | Learned a level 1 spell: Infusion
  5956 | D:7      | Noticed Joseph
  6096 | D:7      | Noticed Duvessa
  6096 | D:7      | Noticed Dowan
  6281 | D:6      | Killed Duvessa
  6281 | D:6      | Reached skill level 5 in Fighting
  6286 | D:6      | Killed Dowan
  6487 | D:7      | Noticed Prince Ribbit
  6513 | D:7      | Killed Prince Ribbit
  6513 | D:7      | Reached skill level 5 in Dodging
  6722 | D:7      | Reached skill level 5 in Spellcasting
  6886 | D:7      | Reached XP level 10. HP: 35/66 MP: 17/17
  7132 | D:7      | Gained mutation: You are partially covered in large bone plates. (AC +2, SH +2) [potion of mutation]
  7132 | D:7      | Gained mutation: You are frail. (-10% HP) [potion of mutation]
  7132 | D:7      | Gained mutation: You are somewhat resistant to further mutation. [potion of mutation]
  7133 | D:7      | Mangled by Joseph

Vault maps used:
D:1:      dpeg_arrival_caged_fury
D:2:      lemuel_doored_altar, lemuel_zombie_altar_yredelemnul,
          nicolae_ru_great_annihilating_truth
D:3:      xom_butterflies, led_sif_book, minmay_unequal
D:4:      wad_woods_tower, kennysheep_mini, uniq_grinder, uniq_natasha
D:5:      first_bread, minmay_misc_feat_alley, minmay_misc_feat_nine_boxes
D:6:      marbit_many_paths, overflow_temple_1_default,
          hangedman_abyss_or_decor_lesser_grid
D:7:      old_forge, serial_curves, eino_curves_04, eino_curves_02,
          eino_curves_04, eino_curves_03, uniq_joseph, uniq_prince_ribbit1,
          uniq_duvessa
Temple:   cyrus_circular_temple

Skill      XL: |  1  2  3  4  5  6  7  8  9 |
---------------+----------------------------+-----
Transmutations | 3 4 5 6 7 |  7.8
Fighting       | 2 3 4 5 |  5.5
Unarmed Combat | 4 5 6 7 |  7.8
Dodging        | 3 4 5 |  5.4
Spellcasting   | 3 4 5 |  5.1

Action                   |  1- 3 |  4- 6 |  7- 9 | 10-12 || total
-------------------------+-------+-------+-------+-------++-------
Melee: Unarmed           |    37 |   113 |   423 |    14 ||   587
       Constrict         |     8 |    12 |    24 |       ||    44
       Kick              |    10 |     4 |       |       ||    14
       Tentacles         |    11 |     8 |    11 |       ||    30
       Punch             |     1 |     3 |     5 |       ||     9
 Cast: Beastly Appendage |     9 |     7 |       |       ||    16
       Spider Form       |       |     6 |    37 |     2 ||    45
       Sticks to Snakes  |       |       |     2 |       ||     2
       Infusion          |       |       |     1 |       ||     1
  Use: Potion            |       |       |     2 |     6 ||     8
       Scroll            |       |       |       |     1 ||     1
 Stab: Paralysed         |     1 |       |       |       ||     1
       Sleeping          |       |     1 |     5 |       ||     6
  Eat: Chunk             |       |     5 |    19 |       ||    24
Armor: Skin              |     1 |     7 |    20 |       ||    28
Dodge: Dodged            |    21 |    67 |   421 |    13 ||   522
